Capitals vs Predators

Created - December 3 2006 at 14:56

Goals
1 2 3 T
Capitals 1 0 0 1
Predators 2 1 0 3
Shots
1 2 3 T
Capitals 5 9 7 21
Predators 19 7 7 33

Period #1

1. Predators , Zbynek Michalek 1 (Yanic Perreault, Dan Hamhuis) at 1:23
2. Capitals , Trent Hunter 1 (Chris Clark, Brian Pothier) at 3:27
3. Predators , Keith Primeau 1 (Kimmo Timonen, Darcy Hordichuk) at 6:09

Penalities :
Paul Kariya (NSH) for Charging (Minor) at 1:25, Matt Pettinger (WSH) for Roughing (Minor) at 6:31, Shaone Morrisonn (WSH) for Diving (Minor) at 11:58, Steve Sullivan (NSH) for Hooking (Minor) at 12:46, Steve Sullivan (NSH) for Tripping (Minor) at 18:30

Period #2

4. Predators , David Legwand 1 (Derek Morris, Steve Sullivan) at 12:25

Penalities :
Scott Hartnell (NSH) for Elbowing (Minor) at 3:19, David Legwand (NSH) for Cross-checking (Minor) at 7:24, Ivan Majesky (WSH) for Charging (Minor) at 13:41, Dan Hamhuis (NSH) for Kneeing (Major) at 16:09

Period #3

No Goal

Penalities :
Eric Fehr (WSH) for Holding (Minor) at 3:58, Shaone Morrisonn (WSH) for Holding (Minor) at 7:08

Goalie Stats

Marty Turco (WSH), 30 saves from 33 shots - (0.909), L, 2-2-0, 60:00 minutes
Chris Mason (NSH), 20 saves from 21 shots - (0.952), W, 1-0-0, 60:00 minutes

Players Stats

Capitals
Player Name              G  A  P  +/- PIM S  H  SB FO MP 
-----------------------------------------------------------
Alexander Ovechkin       0  0  0  -2  0   3  0  0  2  14 
Andrew Cassels           0  0  0   0  0   1  0  0  21 14 
Brian Pothier            0  1  1   0  0   0  0  2  0  23 
Brian Sutherby           0  0  0   0  0   1  0  0  0  5  
Brooks Laich             0  0  0  -2  0   2  0  0  16 20 
Bryan Muir               0  0  0  -2  0   2  1  1  0  25 
Chris Clark              0  1  1   0  0   1  1  0  7  19 
Dainius Zubrus           0  0  0  -2  0   4  0  0  4  25 
Eric Fehr                0  0  0   0  2   0  1  0  1  15 
Ivan Majesky             0  0  0  -2  2   1  0  0  0  24 
Matt Pettinger           0  0  0   0  2   1  0  0  6  5  
Oleg Tverdovsky          0  0  0   0  0   0  0  2  0  17 
Patrik Stefan            0  0  0   0  0   1  0  0  4  9  
Rene Bourque             0  0  0   0  0   1  3  0  11 21 
Richard Zednik           0  0  0   0  0   1  0  0  1  21 
Shaone Morrisonn         0  0  0   0  4   0  0  0  0  21 
Steve Eminger            0  0  0   0  0   0  0  1  0  15 
Trent Hunter             1  0  1   0  0   2  2  0  12 15 
Predators
Player Name              G  A  P  +/- PIM S  H  SB FO MP 
-----------------------------------------------------------
Dan Hamhuis              0  1  1   1  5   0  0  1  0  17 
Darcy Hordichuk          0  1  1   1  0   1  0  0  0  7  
David Legwand            1  0  1   1  2   1  0  0  16 15 
Derek Morris             0  1  1   1  0   2  2  1  0  26 
J.P. Dumont              0  0  0   1  0   5  1  0  1  12 
Jason Arnott             0  0  0  -1  0   4  0  0  27 20 
Jordin Tootoo            0  0  0   1  0   1  0  0  0  13 
Keith Primeau            1  0  1   1  0   1  0  0  17 13 
Kimmo Timonen            0  1  1   0  0   2  0  1  0  25 
Marek Zidlicky           0  0  0   0  0   0  3  1  0  21 
Martin Erat              0  0  0   1  0   1  0  0  1  12 
Paul Kariya              0  0  0  -1  2   3  0  0  1  15 
Scott Hartnell           0  0  0   1  2   2  0  0  3  17 
Shea Weber               0  0  0   1  0   0  1  2  0  13 
Steve Sullivan           0  1  1   1  4   1  0  0  3  23 
Todd Bertuzzi            0  0  0  -1  0   1  0  0  1  13 
Yanic Perreault          0  1  1   1  0   4  0  0  15 16 
Zbynek Michalek          1  0  1   1  0   4  0  2  0  23 

3 Stars

1 - Chris Mason (NSH)
2 - Marty Turco (WSH)
3 - Zbynek Michalek (NSH)

Power Play

Capitals - 0 on 5 Attempt(s) - 0.00%
Predators - 0 on 6 Attempt(s) - 0.00%

Penalty Kill

Capitals - 6 on 6 Attempt(s) - 100.00% - Score 0 goal in Penalty Kill
Predators - 5 on 5 Attempt(s) - 100.00% - Score 0 goal in Penalty Kill

Game Notes

No Game Note

Finance

Level 1 -- Attendance: 5429 (90.49%) -- Ticket Income $434,320.00
Level 2 -- Attendance: 3512 (87.80%) -- Ticket Income $193,160.00
Level 3 -- Attendance: 1772 (83.87%) -- Ticket Income $62,020.00
Level 4 -- Attendance: 3406 (85.14%) -- Ticket Income $68,120.00
Luxury Box -- Attendance: 951 (95.08%) -- Ticket Income $118,875.00
Game was played at the Gaylord Entertainment Center
Total Attendance: 15070 (88.06%)
Total Ticket Income: $945,694.40
Other Expense: $109,406.20
Total Income: $836,288.00


Play by Play

Period #1

0:01 of 1st period - Jason Arnott wins face-off versus Andrew Cassels in neutral zone.
0:07 of 1st period - Icing by Andrew Cassels.
0:08 of 1st period - Andrew Cassels wins face-off versus David Legwand in Capitals zone.
0:33 of 1st period - Shot by Rene Bourque.
0:33 of 1st period - Shot Misses the Net.
0:39 of 1st period - Off-side.
0:40 of 1st period - Brooks Laich wins face-off versus Jason Arnott in neutral zone.
0:49 of 1st period - Shot by Ivan Majesky.
0:49 of 1st period - Shot Misses the Net.
0:54 of 1st period - Shot by Alexander Ovechkin.
0:54 of 1st period - Stopped by Chris Mason without a rebound.
0:55 of 1st period - Rene Bourque wins face-off versus J.P. Dumont in Predators zone.
1:22 of 1st period - Shot by Yanic Perreault.
1:22 of 1st period - Stopped by Marty Turco with a rebound.
1:23 of 1st period - Shot by Zbynek Michalek.
1:23 of 1st period - Goal by Zbynek Michalek.
1:24 of 1st period - Brooks Laich wins face-off versus Jason Arnott in neutral zone.
1:24 of 1st period - Dainius Zubrus is hit by Marek Zidlicky and loses puck.
1:25 of 1st period - Minor Penalty to Paul Kariya for Charging.
1:26 of 1st period - Keith Primeau wins face-off versus Andrew Cassels in neutral zone.
3:27 of 1st period - Shot by Trent Hunter.
3:27 of 1st period - Goal by Trent Hunter.
3:28 of 1st period - Rene Bourque wins face-off versus Jason Arnott in neutral zone.
3:30 of 1st period - Off-side.
3:31 of 1st period - Jason Arnott wins face-off versus Rene Bourque in neutral zone.
4:14 of 1st period - Shot by Paul Kariya.
4:14 of 1st period - Shot Hit the Post.
4:15 of 1st period - Shot by Jason Arnott.
4:15 of 1st period - Shot Misses the Net.
4:16 of 1st period - Shot by Kimmo Timonen.
4:16 of 1st period - Shot Misses the Net.
4:19 of 1st period - Shot by Paul Kariya.
4:19 of 1st period - Stopped by Marty Turco with a rebound.
5:13 of 1st period - Richard Zednik is hit by J.P. Dumont and loses puck.
5:37 of 1st period - Shot by Yanic Perreault.
5:37 of 1st period - Stopped by Marty Turco without a rebound.
5:38 of 1st period - Keith Primeau wins face-off versus Brooks Laich in Capitals zone.
6:09 of 1st period - Shot by Keith Primeau.
6:09 of 1st period - Goal by Keith Primeau.
6:10 of 1st period - Yanic Perreault wins face-off versus Andrew Cassels in neutral zone.
6:21 of 1st period - Shot by J.P. Dumont.
6:21 of 1st period - Shot Misses the Net.
6:24 of 1st period - Shot by J.P. Dumont.
6:24 of 1st period - Shot Blocked by Brian Pothier.
6:27 of 1st period - Shot by Zbynek Michalek.
6:27 of 1st period - Stopped by Marty Turco without a rebound.
6:28 of 1st period - Matt Pettinger wins face-off versus Scott Hartnell in Capitals zone.
6:30 of 1st period - Brian Pothier is hit by Shea Weber and loses puck.
6:31 of 1st period - Minor Penalty to Matt Pettinger for Roughing.
6:32 of 1st period - Jason Arnott wins face-off versus Trent Hunter in neutral zone.
7:18 of 1st period - Off-side.
7:19 of 1st period - Yanic Perreault wins face-off versus Trent Hunter in neutral zone.
8:00 of 1st period - Shot by Marek Zidlicky.
8:00 of 1st period - Shot Misses the Net.
8:01 of 1st period - Shot by Derek Morris.
8:01 of 1st period - Shot Misses the Net.
8:02 of 1st period - Shot by Yanic Perreault.
8:02 of 1st period - Stopped by Marty Turco without a rebound.
8:03 of 1st period - Trent Hunter wins face-off versus Jason Arnott in Capitals zone.
8:14 of 1st period - Shot by Todd Bertuzzi.
8:14 of 1st period - Shot Misses the Net.
8:17 of 1st period - Shot by Paul Kariya.
8:17 of 1st period - Shot Misses the Net.
8:22 of 1st period - Shot by Todd Bertuzzi.
8:22 of 1st period - Shot Blocked by Brian Pothier.
8:25 of 1st period - Shot by Jason Arnott.
8:25 of 1st period - Stopped by Marty Turco without a rebound.
8:26 of 1st period - Chris Clark wins face-off versus Yanic Perreault in Capitals zone.
8:57 of 1st period - Shot by J.P. Dumont.
8:57 of 1st period - Stopped by Marty Turco without a rebound.
8:58 of 1st period - Steve Sullivan wins face-off versus Brooks Laich in Capitals zone.
9:02 of 1st period - Scott Hartnell is hit by Bryan Muir and loses puck.
9:32 of 1st period - Shot by Alexander Ovechkin.
9:32 of 1st period - Shot Misses the Net.
9:33 of 1st period - Shot by Brooks Laich.
9:33 of 1st period - Shot Misses the Net.
9:34 of 1st period - Shot by Ivan Majesky.
9:34 of 1st period - Stopped by Chris Mason without a rebound.
9:35 of 1st period - Jason Arnott wins face-off versus Andrew Cassels in Predators zone.
10:00 of 1st period - Shot by Paul Kariya.
10:00 of 1st period - Shot Misses the Net.
10:01 of 1st period - Shot by Jason Arnott.
10:01 of 1st period - Shot Misses the Net.
10:12 of 1st period - Shot by Todd Bertuzzi.
10:12 of 1st period - Stopped by Marty Turco without a rebound.
10:13 of 1st period - Martin Erat wins face-off versus Rene Bourque in Capitals zone.
11:12 of 1st period - Shot by David Legwand.
11:12 of 1st period - Shot Blocked by Oleg Tverdovsky.
11:27 of 1st period - Shot by Scott Hartnell.
11:27 of 1st period - Stopped by Marty Turco without a rebound.
11:28 of 1st period - Brooks Laich wins face-off versus Jason Arnott in Capitals zone.
11:55 of 1st period - Shot by Dainius Zubrus.
11:55 of 1st period - Shot Blocked by Marek Zidlicky.
11:56 of 1st period - Shot by Bryan Muir.
11:56 of 1st period - Stopped by Chris Mason without a rebound.
11:57 of 1st period - Andrew Cassels wins face-off versus David Legwand in Predators zone.
11:57 of 1st period - Patrik Stefan is hit by Derek Morris and loses puck.
11:58 of 1st period - Minor Penalty to Shaone Morrisonn for Diving.
11:59 of 1st period - Scott Hartnell wins face-off versus Trent Hunter in Predators zone.
12:10 of 1st period - Shot by Yanic Perreault.
12:10 of 1st period - Stopped by Marty Turco without a rebound.
12:11 of 1st period - Trent Hunter wins face-off versus Jason Arnott in Capitals zone.
12:28 of 1st period - Shot by Paul Kariya.
12:28 of 1st period - Shot Misses the Net.
12:29 of 1st period - Shot by Zbynek Michalek.
12:29 of 1st period - Stopped by Marty Turco without a rebound.
12:30 of 1st period - Yanic Perreault wins face-off versus Chris Clark in Capitals zone.
12:46 of 1st period - Minor Penalty to Steve Sullivan for Hooking.
12:47 of 1st period - Trent Hunter wins face-off versus Jason Arnott in neutral zone.
12:49 of 1st period - Off-side.
12:50 of 1st period - Jason Arnott wins face-off versus Trent Hunter in neutral zone.
13:01 of 1st period - Shot by Jason Arnott.
13:01 of 1st period - Stopped by Marty Turco without a rebound.
13:02 of 1st period - David Legwand wins face-off versus Trent Hunter in Capitals zone.
13:03 of 1st period - Shot by Paul Kariya.
13:03 of 1st period - Stopped by Marty Turco with a rebound.
13:04 of 1st period - Shot by Derek Morris.
13:04 of 1st period - Stopped by Marty Turco without a rebound.
13:05 of 1st period - Chris Clark wins face-off versus David Legwand in Capitals zone.
13:32 of 1st period - Shot by David Legwand.
13:32 of 1st period - Shot Blocked by Bryan Muir.
13:41 of 1st period - Shot by David Legwand.
13:41 of 1st period - Shot Misses the Net.
13:44 of 1st period - Shot by Paul Kariya.
13:44 of 1st period - Shot Misses the Net.
13:45 of 1st period - Shot by Derek Morris.
13:45 of 1st period - Stopped by Marty Turco without a rebound.
13:46 of 1st period - Trent Hunter wins face-off versus Jason Arnott in Capitals zone.
15:01 of 1st period - Shot by Martin Erat.
15:01 of 1st period - Shot Misses the Net.
15:04 of 1st period - Shot by Yanic Perreault.
15:04 of 1st period - Stopped by Marty Turco without a rebound.
15:05 of 1st period - Rene Bourque wins face-off versus Keith Primeau in Capitals zone.
15:27 of 1st period - Off-side.
15:28 of 1st period - David Legwand wins face-off versus Dainius Zubrus in neutral zone.
16:30 of 1st period - Off-side.
16:31 of 1st period - Jason Arnott wins face-off versus Rene Bourque in neutral zone.
16:43 of 1st period - Eric Fehr is hit by Marek Zidlicky and loses puck.
16:55 of 1st period - Shot by Richard Zednik.
16:55 of 1st period - Stopped by Chris Mason without a rebound.
16:56 of 1st period - Andrew Cassels wins face-off versus Yanic Perreault in Predators zone.
17:05 of 1st period - Shot by Yanic Perreault.
17:05 of 1st period - Shot Misses the Net.
17:06 of 1st period - Shot by J.P. Dumont.
17:06 of 1st period - Stopped by Marty Turco without a rebound.
17:07 of 1st period - Keith Primeau wins face-off versus Matt Pettinger in Capitals zone.
17:19 of 1st period - Jordin Tootoo is hit by Rene Bourque and loses puck.
17:38 of 1st period - Icing by Brian Pothier.
17:39 of 1st period - Rene Bourque wins face-off versus Yanic Perreault in Capitals zone.
17:47 of 1st period - Icing by Brian Pothier.
17:48 of 1st period - Steve Sullivan wins face-off versus Matt Pettinger in Capitals zone.
18:30 of 1st period - Minor Penalty to Steve Sullivan for Tripping.
18:31 of 1st period - Jason Arnott wins face-off versus Andrew Cassels in Predators zone.
18:31 of 1st period - Paul Kariya is hit by Trent Hunter and loses puck.

Period #2

0:01 of 2nd period - Andrew Cassels wins face-off versus Keith Primeau in neutral zone.
1:16 of 2nd period - Shot by Alexander Ovechkin.
1:16 of 2nd period - Stopped by Chris Mason without a rebound.
1:17 of 2nd period - Jason Arnott wins face-off versus Rene Bourque in Predators zone.
2:29 of 2nd period - Icing by Steve Eminger.
2:30 of 2nd period - David Legwand wins face-off versus Rene Bourque in Capitals zone.
2:36 of 2nd period - Icing by Oleg Tverdovsky.
2:37 of 2nd period - David Legwand wins face-off versus Richard Zednik in Capitals zone.
2:42 of 2nd period - Shot by Scott Hartnell.
2:42 of 2nd period - Stopped by Marty Turco without a rebound.
2:43 of 2nd period - Yanic Perreault wins face-off versus Alexander Ovechkin in Capitals zone.
2:48 of 2nd period - Shot by J.P. Dumont.
2:48 of 2nd period - Shot Misses the Net.
3:09 of 2nd period - Shot by Brooks Laich.
3:09 of 2nd period - Stopped by Chris Mason without a rebound.
3:10 of 2nd period - Andrew Cassels wins face-off versus Scott Hartnell in Predators zone.
3:19 of 2nd period - Shot by Chris Clark.
3:19 of 2nd period - Stopped by Chris Mason with a rebound.
3:19 of 2nd period - Minor Penalty to Scott Hartnell for Elbowing.
3:20 of 2nd period - Andrew Cassels wins face-off versus Keith Primeau in Predators zone.
3:57 of 2nd period - Shot by Chris Clark.
3:57 of 2nd period - Shot Misses the Net.
5:17 of 2nd period - Icing by Chris Clark.
5:18 of 2nd period - Keith Primeau wins face-off versus Andrew Cassels in Capitals zone.
5:24 of 2nd period - Richard Zednik is hit by Derek Morris and loses puck.
6:36 of 2nd period - Shot by Alexander Ovechkin.
6:36 of 2nd period - Shot Misses the Net.
6:53 of 2nd period - Shot by J.P. Dumont.
6:53 of 2nd period - Stopped by Marty Turco without a rebound.
6:54 of 2nd period - David Legwand wins face-off versus Andrew Cassels in Capitals zone.
7:14 of 2nd period - David Legwand is hit by Rene Bourque and loses puck.
7:24 of 2nd period - Shot by Chris Clark.
7:24 of 2nd period - Shot Misses the Net.
7:24 of 2nd period - Minor Penalty to David Legwand for Cross-checking.
7:25 of 2nd period - Keith Primeau wins face-off versus Andrew Cassels in Predators zone.
7:25 of 2nd period - Jordin Tootoo is hit by Chris Clark and loses puck.
8:12 of 2nd period - Icing by Bryan Muir.
8:13 of 2nd period - Keith Primeau wins face-off versus Brooks Laich in Capitals zone.
9:23 of 2nd period - Icing by Bryan Muir.
9:24 of 2nd period - Eric Fehr wins face-off versus Yanic Perreault in Capitals zone.
10:31 of 2nd period - Shot by Dainius Zubrus.
10:31 of 2nd period - Shot Misses the Net.
10:36 of 2nd period - Shot by Dainius Zubrus.
10:36 of 2nd period - Stopped by Chris Mason without a rebound.
10:37 of 2nd period - Jason Arnott wins face-off versus Brooks Laich in Predators zone.
11:04 of 2nd period - Shot by Jason Arnott.
11:04 of 2nd period - Stopped by Marty Turco without a rebound.
11:05 of 2nd period - David Legwand wins face-off versus Andrew Cassels in Capitals zone.
11:15 of 2nd period - Off-side.
11:16 of 2nd period - Matt Pettinger wins face-off versus Yanic Perreault in neutral zone.
11:37 of 2nd period - Shot by Rene Bourque.
11:37 of 2nd period - Stopped by Chris Mason with a rebound.
11:40 of 2nd period - Shot by Rene Bourque.
11:40 of 2nd period - Shot Misses the Net.
11:43 of 2nd period - Shot by Brian Sutherby.
11:43 of 2nd period - Stopped by Chris Mason with a rebound.
12:03 of 2nd period - Icing by Martin Erat.
12:04 of 2nd period - Yanic Perreault wins face-off versus Brooks Laich in Predators zone.
12:25 of 2nd period - Shot by David Legwand.
12:25 of 2nd period - Goal by David Legwand.
12:26 of 2nd period - Patrik Stefan wins face-off versus Jason Arnott in neutral zone.
12:39 of 2nd period - Shot by Kimmo Timonen.
12:39 of 2nd period - Stopped by Marty Turco without a rebound.
12:40 of 2nd period - David Legwand wins face-off versus Brooks Laich in Capitals zone.
13:01 of 2nd period - Shot by Steve Sullivan.
13:01 of 2nd period - Shot Misses the Net.
13:41 of 2nd period - Minor Penalty to Ivan Majesky for Charging.
13:42 of 2nd period - Jason Arnott wins face-off versus Trent Hunter in Capitals zone.
13:52 of 2nd period - Icing by Zbynek Michalek.
13:53 of 2nd period - Jason Arnott wins face-off versus Trent Hunter in Predators zone.
15:18 of 2nd period - Shot by Steve Sullivan.
15:18 of 2nd period - Stopped by Marty Turco with a rebound.
15:38 of 2nd period - Icing by Kimmo Timonen.
15:39 of 2nd period - Todd Bertuzzi wins face-off versus Chris Clark in Predators zone.
15:44 of 2nd period - Shot by Kimmo Timonen.
15:44 of 2nd period - Shot Blocked by Oleg Tverdovsky.
15:47 of 2nd period - Shot by Jordin Tootoo.
15:47 of 2nd period - Shot Blocked by Steve Eminger.
15:52 of 2nd period - Shot by Darcy Hordichuk.
15:52 of 2nd period - Stopped by Marty Turco without a rebound.
15:53 of 2nd period - Yanic Perreault wins face-off versus Matt Pettinger in Capitals zone.
16:09 of 2nd period - Major Penalty to Dan Hamhuis for Kneeing.
16:10 of 2nd period - Keith Primeau wins face-off versus Brooks Laich in Predators zone.
16:19 of 2nd period - Shot by Brooks Laich.
16:19 of 2nd period - Stopped by Chris Mason without a rebound.
16:20 of 2nd period - Andrew Cassels wins face-off versus Jason Arnott in Predators zone.
17:29 of 2nd period - Shot by Brooks Laich.
17:29 of 2nd period - Shot Blocked by Zbynek Michalek.
17:30 of 2nd period - Shot by Patrik Stefan.
17:30 of 2nd period - Shot Misses the Net.
17:33 of 2nd period - Shot by Patrik Stefan.
17:33 of 2nd period - Stopped by Chris Mason without a rebound.
17:34 of 2nd period - Jason Arnott wins face-off versus Andrew Cassels in Predators zone.
17:57 of 2nd period - Shot by Andrew Cassels.
17:57 of 2nd period - Stopped by Chris Mason without a rebound.
17:58 of 2nd period - Dainius Zubrus wins face-off versus Keith Primeau in Predators zone.
18:26 of 2nd period - Off-side.
18:27 of 2nd period - Chris Clark wins face-off versus Steve Sullivan in neutral zone.
19:37 of 2nd period - Icing by Ivan Majesky.
19:38 of 2nd period - Jason Arnott wins face-off versus Brooks Laich in Capitals zone.
19:48 of 2nd period - Icing by Bryan Muir.
19:49 of 2nd period - Keith Primeau wins face-off versus Dainius Zubrus in Capitals zone.

Period #3

0:01 of 3rd period - Keith Primeau wins face-off versus Andrew Cassels in neutral zone.
0:26 of 3rd period - Shot by Chris Clark.
0:26 of 3rd period - Shot Misses the Net.
0:27 of 3rd period - Shot by Trent Hunter.
0:27 of 3rd period - Stopped by Chris Mason without a rebound.
0:28 of 3rd period - Brooks Laich wins face-off versus Jason Arnott in Predators zone.
0:31 of 3rd period - Shot by Trent Hunter.
0:31 of 3rd period - Shot Blocked by Derek Morris.
0:56 of 3rd period - Shot by Trent Hunter.
0:56 of 3rd period - Shot Blocked by Kimmo Timonen.
0:59 of 3rd period - Shot by Dainius Zubrus.
0:59 of 3rd period - Stopped by Chris Mason without a rebound.
1:00 of 3rd period - Keith Primeau wins face-off versus Andrew Cassels in Predators zone.
1:34 of 3rd period - Icing by Richard Zednik.
1:35 of 3rd period - Keith Primeau wins face-off versus Rene Bourque in Capitals zone.
2:39 of 3rd period - Off-side.
2:40 of 3rd period - Andrew Cassels wins face-off versus David Legwand in neutral zone.
2:43 of 3rd period - Shot by Chris Clark.
2:43 of 3rd period - Shot Misses the Net.
2:46 of 3rd period - Shot by Andrew Cassels.
2:46 of 3rd period - Shot Misses the Net.
3:32 of 3rd period - Icing by Derek Morris.
3:33 of 3rd period - David Legwand wins face-off versus Alexander Ovechkin in Predators zone.
3:50 of 3rd period - Shot by Yanic Perreault.
3:50 of 3rd period - Stopped by Marty Turco without a rebound.
3:51 of 3rd period - Paul Kariya wins face-off versus Patrik Stefan in Capitals zone.
3:52 of 3rd period - Shot by Todd Bertuzzi.
3:52 of 3rd period - Shot Misses the Net.
3:58 of 3rd period - Minor Penalty to Eric Fehr for Holding.
3:59 of 3rd period - Jason Arnott wins face-off versus Chris Clark in Capitals zone.
4:34 of 3rd period - Shot by Jason Arnott.
4:34 of 3rd period - Shot Misses the Net.
4:35 of 3rd period - Shot by Kimmo Timonen.
4:35 of 3rd period - Stopped by Marty Turco without a rebound.
4:36 of 3rd period - Yanic Perreault wins face-off versus Chris Clark in Capitals zone.
5:53 of 3rd period - Shot by Paul Kariya.
5:53 of 3rd period - Stopped by Marty Turco without a rebound.
5:54 of 3rd period - Yanic Perreault wins face-off versus Dainius Zubrus in Capitals zone.
6:23 of 3rd period - Shot by Zbynek Michalek.
6:23 of 3rd period - Stopped by Marty Turco without a rebound.
6:24 of 3rd period - Brooks Laich wins face-off versus Keith Primeau in Capitals zone.
6:56 of 3rd period - Off-side.
6:57 of 3rd period - David Legwand wins face-off versus Matt Pettinger in neutral zone.
7:04 of 3rd period - Shot by David Legwand.
7:04 of 3rd period - Shot Misses the Net.
7:08 of 3rd period - Minor Penalty to Shaone Morrisonn for Holding.
7:09 of 3rd period - Jason Arnott wins face-off versus Trent Hunter in Capitals zone.
7:21 of 3rd period - Todd Bertuzzi is hit by Trent Hunter and loses puck.
7:35 of 3rd period - Shot by Paul Kariya.
7:35 of 3rd period - Shot Misses the Net.
9:46 of 3rd period - Shot by Matt Pettinger.
9:46 of 3rd period - Stopped by Chris Mason without a rebound.
9:47 of 3rd period - Rene Bourque wins face-off versus David Legwand in Predators zone.
11:53 of 3rd period - Icing by Brooks Laich.
11:54 of 3rd period - Brooks Laich wins face-off versus David Legwand in Capitals zone.
12:47 of 3rd period - Shot by Jordin Tootoo.
12:47 of 3rd period - Stopped by Marty Turco without a rebound.
12:48 of 3rd period - Patrik Stefan wins face-off versus Yanic Perreault in Capitals zone.
12:58 of 3rd period - Icing by Dan Hamhuis.
12:59 of 3rd period - Yanic Perreault wins face-off versus Patrik Stefan in Predators zone.
13:06 of 3rd period - Shot by Richard Zednik.
13:06 of 3rd period - Shot Blocked by Zbynek Michalek.
13:11 of 3rd period - Shot by Patrik Stefan.
13:11 of 3rd period - Shot Blocked by Dan Hamhuis.
13:23 of 3rd period - Dan Hamhuis is hit by Eric Fehr and loses puck.
14:38 of 3rd period - Rene Bourque is hit by Marek Zidlicky and loses puck.
14:50 of 3rd period - Shot by Paul Kariya.
14:50 of 3rd period - Stopped by Marty Turco without a rebound.
14:51 of 3rd period - David Legwand wins face-off versus Brooks Laich in Capitals zone.
14:58 of 3rd period - Shot by Dainius Zubrus.
14:58 of 3rd period - Stopped by Chris Mason with a rebound.
14:59 of 3rd period - Shot by Brooks Laich.
14:59 of 3rd period - Stopped by Chris Mason with a rebound.
15:02 of 3rd period - Shot by Alexander Ovechkin.
15:02 of 3rd period - Shot Misses the Net.
15:07 of 3rd period - Shot by Dainius Zubrus.
15:07 of 3rd period - Stopped by Chris Mason without a rebound.
15:08 of 3rd period - Brooks Laich wins face-off versus Keith Primeau in Predators zone.
16:25 of 3rd period - Shot by Richard Zednik.
16:25 of 3rd period - Shot Blocked by Shea Weber.
16:45 of 3rd period - David Legwand is hit by Rene Bourque and loses puck.
17:45 of 3rd period - Shot by Martin Erat.
17:45 of 3rd period - Stopped by Marty Turco without a rebound.
17:46 of 3rd period - Andrew Cassels wins face-off versus Jason Arnott in Capitals zone.
19:21 of 3rd period - Shot by Alexander Ovechkin.
19:21 of 3rd period - Shot Blocked by Shea Weber.
19:22 of 3rd period - Shot by Bryan Muir.
19:22 of 3rd period - Stopped by Chris Mason with a rebound.
19:23 of 3rd period - Shot by Alexander Ovechkin.
19:23 of 3rd period - Shot Misses the Net.


Output by the STHS for Stephane Roy -- Original Page W3C XHTML 1.0 Valid